 Dungeon Crawl Stone Soup version 0.31-a0-246-g8cbcc1cb85 (webtiles) character file.

Game seed: 6061628099820464494

58 qw the Shooter (level 3, -3/29 HPs)
             Began as a Minotaur Hexslinger on July 12, 2023.
             Slain by a gnoll
             ... wielding a +0 flail
              (4 damage)
             ... on level 3 of the Dungeon.
             The game lasted 00:00:34 (1397 turns).

qw the Shooter (Minotaur Hexslinger)                Turns: 1397, Time: 00:00:34

Health: -3/29      AC:  5    Str: 12    XL:     3   Next: 76%
Magic:  3/3        EV: 11    Int: 10    God:
Gold:   11         SH:  0    Dex: 14    Spells: 3/4 levels left

rFire   . . .        Y - +2 sling
rCold   + . .        (no shield)
rNeg    . . .        k - +0 ring mail
rPois   .            (helmet restricted)
rElec   .            (no cloak)
rCorr   .            (no gloves)
SInv    .            (no boots)
Will    .....        (no amulet)
Stlth   +            h - ring of protection from cold
HPRegen 0.24/turn    (no ring)
MPRegen 0.08/turn

%: no passive effects
@: no status effects
A: horns 2, retaliatory headbutt
a: no special abilities


You were on level 3 of the Dungeon.
You visited 1 branch of the dungeon, and saw 3 of its levels.

You collected 69 gold pieces.
You spent 58 gold pieces at shops.


Innate Abilities, Weirdness & Mutations

You have a pair of horns on your head.
You reflexively headbutt those who attack you in melee.


   Skills:
 - Level 2.0 Fighting
 + Level 4.1 Ranged Weapons
 - Level 1.1 Armour
 - Level 2.1 Dodging
 - Level 1.0 Spellcasting
 - Level 2.0 Hexes


You had 3 spell levels left.
You knew the following spells:

 Your Spells              Type           Power      Damage    Failure   Level
a - Slow                  Hex            16%        N/A       34%         1

Your spell library contained the following spells:

 Spells                   Type           Power      Damage    Failure   Level
 Inner Flame              Hex/Fire       2%         N/A       83%         3
 Portal Projectile        Hex/Tloc       4%         N/A       83%         3
 Cause Fear               Hex            2%         N/A       98%         4

Inventory:

Hand Weapons
 Y - a +2 sling (weapon)
Armour
 k - a +0 ring mail (worn)
Jewellery
 h - a ring of protection from cold (left hand)
Scrolls
 a - a scroll of identify
 c - 2 scrolls of teleportation
Potions
 f - a potion of curing {unknown}

Dungeon Overview and Level Annotations

Branches:
Dungeon (3/15)

Altars:

Shops:
D:2 *


Message History

It is a scroll of enchant weapon.
Your +1 sling glows red for a moment.
Done exploring.
1359 ||| READING scroll labelled JINWYVU SEMAE.
As you read the scroll labelled JINWYVU SEMAE, it crumbles to dust.
You hear a loud clanging noise!
It was a scroll of noise.
Done exploring.
1360 ||| READING 2 scrolls of identify.
As you read the scroll of identify, it crumbles to dust.
d - a potion of lignification;
1360 ||| IDENTIFYING dark potion Done exploring.
1361 ||| DROPPING potion of lignification.
You drop a potion of lignification.
Done exploring.
(D) Dungeon
Where to? (* - list waypoints, Enter - D:2, ? - help)
What level of the Dungeon? (default 1, ? - help)
You see here a +0 robe.
There is a stone staircase leading down here.
You climb downwards.
The gnoll shouts! x4
Found a scroll of teleportation.
Found a stone staircase leading up.
There is a stone staircase leading up here.
There are monsters nearby!
Waypoint 2 assigned to D:3.
You shoot a sling bullet. The sling bullet hits the gnoll.
The gnoll is moderately wounded.
You shoot a sling bullet. The sling bullet hits the gnoll!
The gnoll is almost dead.
The gnoll closely misses you.
You shoot a sling bullet. The sling bullet hits the gnoll.
You kill the gnoll!
The gnoll hits you from afar with a +0 spear.
The gnoll hits you with a +0 flail!
Your Armour skill increases to level 1!
1397 ||| STAIRDANCE The gnoll hits you but does no damage.
The gnoll hits you from afar with a +0 halberd!
The gnoll hits you with a +0 flail.
You die...

##+#
##...#
##.....##
#.....g.##
......)@.#
.........+
<.?..g.g.#
#.......##
##.....##
##...#
##+#


You could see 3 gnolls.

Vanquished Creatures
  An adder (D:2)
  A gnoll (D:3)
  A worm (D:2)
  6 endoplasms
  4 goblins
  5 hobgoblins
  A kobold (D:2)
  2 quokkas (D:1)
  2 ball pythons (D:1)
  4 bats
  2 frilled lizards (D:1)
  4 rats
33 creatures vanquished.

Notes
Turn   | Place    | Note
-------+----------+-------------------------------------------
     0 | D:1      | qw the Minotaur Hexslinger began the quest for the Orb.
     0 | D:1      | Reached XP level 1. HP: 16/16 MP: 1/1
     0 | D:1      | 0 ||| qw: Version: 0.3-a-52-g30416fa
     0 | D:1      | 0 ||| qw: Game counter: 6243
     0 | D:1      | 0 ||| qw: Melee chars always use a shield: true
     0 | D:1      | 0 ||| qw: God list: Okawaru
     0 | D:1      | 0 ||| qw: Allow faded altars: false
     0 | D:1      | 0 ||| qw: Do Orc after clearing Dungeon:15 true
     0 | D:1      | 0 ||| qw: Do second Lair branch before Depths: true
     0 | D:1      | 0 ||| qw: Lair rune preference: random
     0 | D:1      | 0 ||| qw: Goals: Normal
     0 | D:1      | 0 ||| PLANNING D:1-11
   187 | D:1      | Reached skill level 3 in Ranged Weapons
   187 | D:1      | Reached XP level 2. HP: 13/23 MP: 2/2
   854 | D:1      | 854 ||| UPGRADING to +0 leather armour.
   864 | D:1      | 864 ||| DROPPING +0 robe.
   865 | D:1      | 865 ||| UPGRADING to +0 ring mail.
   875 | D:1      | 875 ||| DROPPING +0 leather armour.
   876 | D:1      | 876 ||| UPGRADING to ring of protection from cold.
   877 | D:1      | 877 ||| READING scroll labelled WURERI JOAPP.
   881 | D:1      | 881 ||| READING scroll labelled MEYSON CAG.
   882 | D:1      | 882 ||| READING scroll labelled XITHOVESIO.
   883 | D:1      | 883 ||| DRINKING 2 fizzy emerald potions.
   888 | D:1      | 888 ||| DROPPING scroll of poison.
   889 | D:1      | 889 ||| DROPPING potion of ambrosia.
  1047 | D:2      | Reached XP level 3. HP: 29/29 MP: 3/3
  1300 | D:2      | Found a faded altar of an unknown god.
  1310 | D:2      | Reached skill level 4 in Ranged Weapons
  1325 | D:2      | Found Ajesta's Assorted Antiques.
  1335 | D:2      | 1335 ||| BUYING scroll labelled EGAORY ERCHIAC (29 gold).
  1335 | D:2      | Bought a scroll labelled EGAORY ERCHIAC for 29 gold pieces
  1335 | D:2      | 1335 ||| BUYING scroll labelled JINWYVU SEMAE (29 gold).
  1335 | D:2      | Bought a scroll labelled JINWYVU SEMAE for 29 gold pieces
  1335 | D:2      | 1335 ||| SHOPLISTING scroll of identify (58 gold, have 11).
  1335 | D:2      | 1335 ||| SHOPLISTING scroll of teleportation (87 gold, have
                  | 11).
  1356 | D:2      | 1356 ||| READING scroll labelled DUELAY QOJU.
  1357 | D:2      | 1357 ||| READING scroll labelled VEX WEMMIYNKADGH.
  1358 | D:2      | 1358 ||| READING scroll labelled EGAORY ERCHIAC.
  1359 | D:2      | 1359 ||| READING scroll labelled JINWYVU SEMAE.
  1360 | D:2      | 1360 ||| READING 2 scrolls of identify.
  1360 | D:2      | 1360 ||| IDENTIFYING dark potion
  1361 | D:2      | 1361 ||| DROPPING potion of lignification.
  1397 | D:3      | Reached skill level 1 in Armour
  1397 | D:3      | 1397 ||| STAIRDANCE
  1397 | D:3      | HP: 1/29 [gnoll/+0 halberd (9)]
  1397 | D:3      | Slain by a gnoll

Levels and vault maps discovered:
D:1:      dpeg_arrival_tiny_i, layout_basic, serial_park_tiny_pond
D:2:      layout_rooms, basic_ecumenical_altar, serial_shops, shop
D:3:      layout_loops_corners, trog_three_pillars_becter, saegor_snake_ambush,
          uniq_sigmund

Skill      XL: |  1  2  3 |
---------------+----------+-----
Ranged Weapons | 3 4 |  4.1
Fighting       | 2 |  2.0
Armour         | 1 |  1.1
Dodging        | |  2.1
Spellcasting   | |  1.0
Hexes          | |  2.0

Action                     || total
---------------------------++-------
   Fire: Sling             ||    98
    Use: Scroll            ||     8
         Potion            ||     1
 Armour: Ring mail         ||     7
         Robe              ||     4
  Dodge: Dodged            ||    24

Table legend:
 A = Non-vault XP
 B = Vault XP
 C = Vault XP percentage of total XP
 D = Non-vault monster count
 E = Vault monster count
 F = Vault count percentage of total count
                 A         B        C        D         E       F
            +---------+---------+-------+---------+---------+-------
      Total |      84 |       0 |   0.0 |      33 |       0 |   0.0
            +---------+---------+-------+---------+---------+-------
        D:1 |      31 |       0 |   0.0 |      19 |       0 |   0.0
        D:2 |      39 |       0 |   0.0 |      13 |       0 |   0.0
        D:3 |      14 |       0 |   0.0 |       1 |       0 |   0.0
            +---------+---------+-------+---------+---------+-------
